 Dungeon Sprint DCSS version 0.19-a0-1922-g1e9a4c1 (webtiles) character file.

7 esc the Sneak (level 1, -5/9 HPs)
             Began as a Spriggan Enchanter on Oct 24, 2016.
             Slain by a worm (6 damage)
             ... in the Dungeon (Sprint II: "The Violet Keep of Menkaure").
             The game lasted 00:01:16 (54 turns).

esc the Sneak (Spriggan Enchanter)                    Turns: 54, Time: 00:01:17

Health: -5/9       AC:  3    Str:  4    XL:     1   Next: 83%
Magic:  4/5        EV: 19    Int: 16    God:
Gold:   243        SH:  0    Dex: 16    Spells: 1 memorised, 5 levels left

rFire  . . .     SeeInvis +     a - +1 dagger
rCold  . . .     Gourm    .     b - +1 robe
rNeg   . . .     Faith    .     (shield restricted)
rPois  .         Spirit   .     (helmet restricted)
rElec  .         Reflect  .     (no cloak)
rCorr  .         Harm     .     (gloves unavailable)
MR     .....     NoTele   +     (boots unavailable)
Stlth  +++.......               (no amulet)
                                (no ring)
                                (no ring)

@: very quick
A: unfitting armour, see invisible, herbivore 3, speed 3, slow metabolism 2
a: no special abilities


You were in the Dungeon.
You were not hungry.

You visited 1 branch You collected 243 gold pieces.

Inventory:

Hand Weapons
 a - a +1 dagger (weapon)
Armour
 b - a +1 robe (worn)
Scrolls
 j - a scroll of blinking {!r}
Potions
 e - a potion of curing
 f - a potion of heal wounds
 g - a potion of haste
 h - 2 potions of magic
 i - a potion of berserk rage {!q}
Books
 c - a book of Maledictions
Comestibles
 d - a bread ration {@e1}


   Skills:
 + Level 0.8 Fighting
 + Level 1.8 Short Blades
 + Level 3.9 Dodging
 + Level 4.9 Stealth
 + Level 3.1 Spellcasting
 + Level 4.1 Hexes


You had 5 spell levels left.
You knew the following spells:

 Your Spells              Type           Power        Failure   Level  Hunger
v - Corona                Hex            ###....      4%          1    None


Dungeon Overview and Level Annotations

Branches:
Dungeon (1/1)

Altars:


Innate Abilities, Weirdness & Mutations

You are very small and have problems with some larger weapons.
You are too small for most types of armour.
You have supernaturally acute eyesight. (SInv)
You are a herbivore.
You cover ground extremely quickly.
You need consume almost no food.


Message History

Welcome, esc the Spriggan Enchanter.
Found a staircase leading out of the dungeon.
You open the door. 2 tyrant leeches come into view.
You close the door.
You open the door.
A siren comes into view. It is wielding a spear.
You close the door.
You open the door. 2 worms come into view.
There is an open door here.
You see here 243 gold pieces.
The helpless worm fails to defend itself.
You puncture the worm!
You kill the worm!
The worm misses you.
There is an open door here.
There's a creature in the doorway!
There is a staircase leading out of the dungeon here.
There is an open door here.
You see here 243 gold pieces.
You close the door.
You now have 243 gold pieces.
Okay, then.
You open the door.
A worm comes into view.
There is an open door here.
The helpless worm fails to defend itself.
You impale the worm!!
You kill the worm!
Your Spellcasting skill increases to level 3!
Your Hexes skill increases to level 4!
You close the door.
You see here a worm corpse.
You butcher the worm corpse.
You see here 3 chunks of flesh {@w0}.
Okay, then.
Okay, then.
You open the door.
There is an open door here.
You close the door.
You open the door.
Aim: a worm (chance to defeat MR: 61%)
The worm struggles to resist.
You now have 4/5 mp.
Aim: a worm (chance to defeat MR: 61%)
The worm is outlined in light.
You now have 3/5 mp.
You hit the worm but do no damage. The worm closely misses you.
You hit the worm. You hit the worm. The worm bites you!
Ouch! That really hurt!
* * * LOW HITPOINT WARNING * * *
You take 8 damage, and have 1/9 hp.
MASSIVE DAMAGE!!
You hit the worm. You hit the worm but do no damage.
The worm closely misses you.
You hit the worm. You hit the worm. The worm misses you.
The worm stops glowing.
The worm bites you.
Ouch! That really hurt!
You die...

##. .## .w
w. # $#. ##.
#+#
#...##.##
#.+.<.+
#.m.##.##
##. #'## #
###.@##
#%##w.#
##.#.##
##+##
#≈≈≈≈≈≈≈§§§≈
#+++#+++#≈≈≈
§S§ ≈§§
≈§§§§


You could see a worm.

Vanquished Creatures
  2 worms (D)
2 creatures vanquished.

Vanquished Creatures (others)
  Menkaure (D)
  A crocodile (D)
2 creatures vanquished.

Grand Total: 4 creatures vanquished

Notes
Turn   | Place    | Note
-------+----------+-------------------------------------------
     0 | D        | esc the Spriggan Enchanter began the quest for the Orb.
     0 | D        | Reached XP level 1. HP: 9/9 MP: 5/5
     1 | D        | Noticed a tyrant leech
     1 | D        | Noticed a tyrant leech
     4 | D        | Noticed a siren
    22 | D        | Killed a crocodile
    26 | D        | Noticed a lava snake
    26 | D        | Noticed a lava snake
    28 | D        | Reached skill level 3 in Spellcasting
    28 | D        | Reached skill level 4 in Hexes
    44 | D        | HP: 1/9 [worm (8)]
    47 | D        | Killed Menkaure
    54 | D        | Slain by a worm

Vault maps used:
D:        the_violet_keep_of_menkaure

Skill      XL: |  1 |
---------------+----+-----
Spellcasting   | 3 |  3.1
Hexes          | 4 |  4.1
Fighting       | |  0.8
Short Blades   | |  1.8
Dodging        | |  3.9
Stealth        | |  4.9

Action                   || total
-------------------------++-------
Melee: Dagger            ||     9
 Cast: Corona            ||     2
 Stab: Sleeping          ||     2
Dodge: Dodged            ||     4

Vault maps used:
D:        the_violet_keep_of_menkaure

Table legend:
 A = Turns spent in this place as a percentage of turns spent in the entire game.
 B = Non-inter-level travel turns spent in this place as a percentage of non-inter-level travel turns spent in the entire game.
 C = Inter-level travel turns spent in this place as a percentage of turns spent in this place.
 D = Turns resting spent in this place as a percentage of non-inter-level travel turns spent in this place.
 E = Turns spent auto-exploring this place as a percentage of non-inter-level travel turns spent in this place.
 F = Non-inter-level travel turns spent in this place divided by the number of levels of this place that you've seen.
                   A       B       C       D       E      F
               +-------+-------+-------+-------+-------+----------------------
         Total | 100.0 | 100.0 |   0.0 |   0.0 |   0.0 |  61.0
       Dungeon | 100.0 | 100.0 |   0.0 |   0.0 |   0.0 |  61.0
               +-------+-------+-------+-------+-------+----------------------

Table legend:
 A = Kills in this place as a percentage of kills in entire the game.
 B = Kills by you in this place as a percentage of kills by you in the entire game.
 C = Kills by friends in this place as a percentage of kills by friends in the entire game.
 D = Other kills in this place as a percentage of other kills in the entire game.
 E = Experience gained in this place as a percentage of experience gained in the entire game.
 F = Experience gained in this place divided by the number of levels of this place that you have seen.
                   A       B       C       D       E      F
               +-------+-------+-------+-------+-------+----------------------
         Total | 100.0 | 100.0 |  -nan |  -nan | 100.0 |  10.0
       Dungeon | 100.0 | 100.0 |  -nan |  -nan | 100.0 |  10.0
               +-------+-------+-------+-------+-------+----------------------
